 Dungeon Crawl Stone Soup version 0.31.0-9-g3a7656b989 (console) character file.

Game seed: 15140435447039080971

438 AlterAsc the Covert (level 6, -1/32 HPs)
             Began as a Vampire Enchanter on Jan 29, 2024.
             Slain by a hound (5 damage)
             ... on level 3 of the Dungeon.
             The game lasted 00:09:59 (2932 turns).

AlterAsc the Covert (Vampire Enchanter)             Turns: 2932, Time: 00:09:59

Health: -1/32      AC:  3    Str:  7    XL:     6   Next: 69%
Magic:  1/9        EV: 12    Int: 17    God:
Gold:   208        SH:  0    Dex: 17    Spells: 4/9 levels left

rFire   + . .        a - +1 dagger
rCold   + . .        (no shield)
rNeg    + + +        b - +0 robe
rPois   ∞            (no helmet)
rElec   .            (no cloak)
rCorr   .            (no gloves)
SInv    +            l - +0 pair of boots
Will    .....        (no amulet)
Stlth   ++++++       m - ring of fire
HPRegen 0.00/turn    (no ring)
MPRegen 0.11/turn

%: no passive effects
@: bloodless, inhibited regen, invisible
A: bloodless, fangs 3, see invisible, vampiric 2
a: Bat Form, Revivify


You were on level 3 of the Dungeon.
You visited 1 branch of the dungeon, and saw 4 of its levels.

You collected 208 gold pieces.

Inventory:

Hand Weapons
 a - a +1 dagger (weapon)
Missiles
 g - 3 atropa-tipped darts
 i - 2 throwing nets
 k - 5 poisoned darts (quivered)
Armour
 b - a +0 robe (worn)
 l - a +0 pair of boots (worn)
Jewellery
 m - a ring of fire (left hand)
Scrolls
 e - 2 scrolls of identify {unknown}
 n - a scroll of teleportation {unknown}
 p - a scroll of amnesia {unknown}
Potions
 d - a potion of magic {unknown}
 f - a potion of heal wounds {unknown}
 h - a potion of resistance {unknown}
 j - 4 potions of curing {unknown}
 o - a potion of haste {unknown}


   Skills:
 - Level 1.1 Short Blades
 - Level 2.1 Dodging
 + Level 8.9 Stealth
 - Level 2.0 Spellcasting
 + Level 8.4 Hexes


You had 4 spell levels left.
You knew the following spells:

 Your Spells              Type           Power      Damage    Failure   Level
a - Ensorcelled Hibernat  Hex/Ice        30%        N/A       5%          2
b - Confusing Touch       Hex            30%        N/A       1%          3

Your spell library contained the following spells:

 Spells                   Type           Power      Damage    Failure   Level
 Tukima's Dance           Hex            30%        N/A       1%          3
 Dazzling Flash           Conj/Hex       30%        N/A       11%         3
 Apportation              Tloc           2%         N/A       19%         1
 Necrotise                Necr           4%         1d4       19%         1
 Sandblast                Erth           2%         2d4       19%         1
 Sting                    Conj/Alch      4%         1d3       19%         1
 Summon Small Mammal      Summ           4%         N/A       19%         1
 Anguish                  Hex/Necr       7%         N/A       34%         4
 Fugue of the Fallen      Necr           1%         N/A       50%         3
 Ozocubu's Armour         Ice            1%         N/A       50%         3
 Passwall                 Erth           1%         N/A       50%         3
 Stone Arrow              Conj/Erth      2%         3d7       50%         3
 Brom's Barrelling Bould  Conj/Erth      1%         2d3       88%         4
 Manifold Assault         Tloc           1%         N/A       88%         4


Dungeon Overview and Level Annotations

Branches:
Dungeon (4/15)
 Temple: D:4-7

Altars:
Sif Muna

Annotations:
D:3 3 runed translucent doors, Nimbul's ghost, amateur MfWr
D:4 Edmund


Innate Abilities, Weirdness & Mutations

You do not regenerate when monsters are visible.
You are frail without blood (-20% HP).
You can heal yourself when you bite living creatures.
You are immune to poison.
You have razor-sharp teeth.
You have supernaturally acute eyesight. (SInv)
You are afflicted with vampirism and can become a bat while bloodless.


Message History

Press: ? - help, Shift-Dir - straight line, f - orc, p - hound
Aim: an orc, wielding a +0 short sword and wearing a +0 chain mail (moderately wounded, chance to affect: 66%)
The orc looks drowsy...
The hound bites you. The hound closely misses you.
The helpless orc fails to defend itself.
You bite the orc, and draw its blood!
You feel better.
You impale the orc!!
You kill the orc!
The hound bites you but does no damage.
Casting: Ensorcelled Hibernation (safe; 5% risk of failure)
Confirm with . or Enter, or press ? or * to list all spells.
Aiming: Ensorcelled Hibernation (safe; 5% risk of failure)
Press: ? - help, Shift-Dir - straight line, f - orc
Aim: an orc, wielding a +0 club (chance to affect: 66%)
The orc struggles to resist.
The hound bites you but does no damage. The orc hits you with a +0 club.
The hound bites you.
You barely miss the orc. The hound bites you. The orc hits you with a +0 club.
You hit the orc.
The orc is heavily wounded.
The hound bites you but does no damage. The orc barely misses you.
The hound misses you.
You fade into invisibility!
The hound closely misses you. The orc closely misses you.
You barely miss the orc.
The orc is heavily wounded.
The hound closely misses you. The orc closely misses you. The hound bites you.
* * * LOW HITPOINT WARNING * * *
You hit the orc.
You kill the orc!
The hound misses you.
Casting: Ensorcelled Hibernation (safe; 5% risk of failure)
Confirm with . or Enter, or press ? or * to list all spells.
Aiming: Ensorcelled Hibernation (safe; 5% risk of failure)
Press: ? - help, Shift-Dir - straight line, f - endoplasm
Aim: an endoplasm (chance to affect: 66%)
The hound is unaffected.
The hound bites you.
* * * LOW HITPOINT WARNING * * *
The hound closely misses you.
Things that are here:
a +0 club; a +0 short sword; a +0 chain mail The hound bites you but does no damage.
The hound attacks as it pursues you! The hound misses you. The hound bites you.
You die...

..#.##.#.........# #.#
.##.##.#.###..##.# #.#
.##.##.#(# #..##.# #.#
.##.##.#.# #..##.# #.#
.##.##.#.# #..##.# #.#
.......[<# #..##.### #.#
.........# #..##...# #.#
.........# #..####.# #.#
........## #..# #.# #.#
........####..####.###.#
.##.##..........@h.....#
...............###J#####
.##.###.##.###.###.#
.##.# #....# #..>).#
.##.######.###.#####
.##............#
.############### ##


You could see a hound and an endoplasm.

Vanquished Creatures
  An ogre (D:4)
  A centaur (D:4)
  A scorpion (D:3)
  A bombardier beetle (D:4)
  A hound (D:4)
  Natasha (thrice) (D:2)
  An adder (D:2)
  A dart slug (D:2)
  6 orcs (D:3)
  9 ball pythons
  8 endoplasms
  A giant cockroach (D:1)
  A hobgoblin (D:1)
  3 jackals (D:3)
  3 quokkas
  9 bats
  3 frilled lizards
  9 goblins
  4 kobolds
  2 rats
68 creatures vanquished.

Notes
Turn   | Place    | Note
-------+----------+-------------------------------------------
     0 | D:1      | AlterAsc the Vampire Enchanter began the quest for the Orb.
     0 | D:1      | Reached XP level 1. HP: 13/13 MP: 3/3
   151 | D:1      | Reached XP level 2. HP: 12/15 MP: 5/5
   154 | D:1      | Learned a level 2 spell: Ensorcelled Hibernation
   189 | D:1      | Reached skill level 5 in Stealth
   269 | D:1      | Reached skill level 5 in Hexes
   663 | D:1      | You fall into a shaft and drop 1 floor!
   715 | D:2      | Gained mutation: You are afflicted with vampirism and can
                  | become a bat while bloodless. [Vampire growth]
   715 | D:2      | Reached XP level 3. HP: 19/19 MP: 6/6
  1138 | D:2      | Noticed Natasha
  1141 | D:2      | Killed Natasha
  1172 | D:2      | Noticed Natasha
  1173 | D:2      | Found a faded altar of an unknown god.
  1176 | D:2      | Reached XP level 4. HP: 24/24 MP: 7/7
  1191 | D:2      | Killed Natasha
  1217 | D:2      | Learned a level 3 spell: Confusing Touch
  1574 | D:2      | Noticed Natasha
  1581 | D:2      | Killed Natasha
  2183 | D:3      | Found a runed translucent gate.
  2183 | D:3      | Found a runed translucent gate.
  2183 | D:3      | Found a runed translucent gate.
  2187 | D:3      | Noticed Nimbul's ghost (amateur MfWr)
  2274 | D:3      | Reached XP level 5. HP: 28/28 MP: 3/8
  2489 | D:4      | Noticed an ogre
  2499 | D:4      | Killed an ogre
  2607 | D:3      | Reached XP level 6. HP: 32/32 MP: 5/9
  2682 | D:4      | Noticed Edmund
  2733 | D:4      | Found a shimmering blue altar of Sif Muna.
  2932 | D:3      | Slain by a hound

Illustrated notes

Levels and vault maps discovered:
D:1:      eino_arrival_water_star, layout_basic, hex_intersection,
          nrook_loot_triangle
D:2:      layout_loops_ring, shapermc_ecumenical_altar_starsandcircs,
          uniq_natasha
D:3:      layout_loops_ring, gammafunk_ghost_necromancy
D:4:      layout_cave_pools, serial_glass, glass_columns_a, glass_columns_a,
          serial_shops, nicolae_shop_hallway_stairs, minmay_ruined_shrine,
          uniq_edmund, uniq_crazy_yiuf_cottage, uniq_pikel, uniq_blork_the_orc

Skill      XL: |  1  2  3  4  5  6 |
---------------+-------------------+-----
Stealth        | 5 6 7 8 |  8.9
Hexes          | 5 6 7 8 |  8.4
Short Blades   | |  1.1
Dodging        | |  2.1
Spellcasting   | |  2.0

Action                     |  1- 3 |  4- 6 || total
---------------------------+-------+-------++-------
  Melee: Dagger            |    65 |    61 ||   126
         Bite              |     2 |     4 ||     6
   Cast: Ensorcelled Hiber |     7 |    36 ||    43
Ability: Exsanguinate      |     1 |       ||     1
    Use: Potion            |       |     2 ||     2
   Stab: Sleeping          |    25 |    29 ||    54
 Armour: Robe              |    25 |    55 ||    80
  Dodge: Dodged            |    30 |    64 ||    94
